 Dungeon Crawl Stone Soup version 0.30-a0-778-g2ef04afb54 (webtiles) character file.

Game seed: 1289290427319953511

335 lunkers the Slasher (level 7, 0/57 HPs)
             Began as a Meteoran Fighter on Feb 15, 2023.
             Was a Believer of Nemelex Xobeh.
             Slain by a centaur (2 damage)
             ... on level 5 of the Dungeon.
             The game lasted 00:03:51 (2004 turns).

lunkers the Slasher (Meteoran Fighter)              Turns: 2004, Time: 00:03:52

Health: 0/57       AC:  6    Str: 18    XL:     7   Next: 10%
Magic:  10/10      EV:  9    Int:  9    God:    Nemelex Xobeh [**....]
Gold:   287        SH:  5    Dex: 16    Spells: 6/6 levels left

rFire   . . .      SeeInvis .    b - +0 dagger (venom)
rCold   . . .      Faith    .    c - +0 buckler
rNeg    . . .      Spirit   .    n - +0 scale mail
rPois   .          Reflect  .    (no helmet)
rElec   .          Harm     .    (no cloak)
rCorr   .          Rampage  .    (no gloves)
Will    .....                    (no boots) Stlth
                                 (no amulet)
HPRegen 0.29/turn                (no ring)
MPRegen 0.12/turn                (no ring)

@: glowing
A: sense surroundings 1, otherworldly, glowing, explore regen
a: Renounce Religion, Draw Escape, Draw Destruction, Draw Summoning


You were on level 5 of the Dungeon.
You worshipped Nemelex Xobeh.
Nemelex Xobeh was pleased with you.
You visited 1 branch of the dungeon, and saw 5 of its levels.

You collected 287 gold pieces.

Inventory:

Hand Weapons
 a - a +0 long sword
 b - a +0 dagger of venom (weapon)
Armour
 c - a +0 buckler (worn)
 j - a +0 plate armour
 n - a +0 scale mail (worn)
Scrolls
 e - 3 scrolls of fear {unknown}
 f - 3 scrolls of identify {unknown}
 h - a scroll of magic mapping {unknown}
 m - a scroll of noise {unknown}
 p - a scroll of immolation {unknown}
Potions
 d - 2 potions of might
 g - a potion of resistance {unknown}
 i - a potion of brilliance {unknown}
 k - a potion of mutation {unknown}
 l - a potion of heal wounds {unknown}
 o - a potion of attraction {unknown}
 q - 2 potions of haste {unknown}


   Skills:
 - Level 3.2 Fighting
 * Level 3.5(5.0) Short Blades
 - Level 6.0(6.6) Long Blades
 - Level 3.6 Armour
 - Level 3.6 Shields
 + Level 3.2 Invocations


You had 6 spell levels left.
You didn't know any spells.
Your spell library was empty.

Dungeon Overview and Level Annotations

Branches:
Dungeon (5/15) Zot: 973
 Temple: D:4-7

Altars:
Gozag
Nemelex Xobeh
Uskayaw


Innate Abilities, Weirdness & Mutations

You passively map a small area around you.
You are easily found by Zot.
You glow in the dark.
You regain HP and MP as you explore.


Message History

The iguana is almost dead.
The iguana bites you.
* * * LOW HITPOINT WARNING * * *
You hit the iguana but do no damage.
The iguana looks as sick as possible!
The iguana is almost dead.
You kill the iguana!
Unknown command.
The centaur unwields a +5 shortbow of freezing.
The centaur hits you but does no damage.
You block the centaur's attack.
The centaur hits you but does no damage.
You block the centaur's attack.
There is an open door here.
Unknown command.
You barely miss the centaur. The centaur hits you.
* * * LOW HITPOINT WARNING * * *
You block the centaur's attack.
You hit the centaur but do no damage. The centaur barely misses you.
The centaur kicks you but does no damage.
Unknown command.
You hit the centaur.
The centaur is lightly wounded.
The centaur hits you.
* * * LOW HITPOINT WARNING * * *
The centaur kicks you but does no damage.
You hit the centaur but do no damage.
The centaur is poisoned.
The centaur barely misses you.
The centaur kicks you but does no damage.
You hit the centaur.
The centaur is lightly wounded.
The centaur hits you.
* * * LOW HITPOINT WARNING * * *
The centaur kicks you but does no damage.
The centaur hits you but does no damage.
The centaur barely misses you.
You hit the centaur but do no damage.
The centaur is lightly wounded.
The centaur hits you.
You die...
Your body disappears without additional glow.

, ,#....#....<.# ....
#....'......+ ...
#....#......# , , ,
,..., #....#......#, ,
*#.. #'####........ ,
.###..###....#########
, .......#.......#
......c#.......# ,
,.......@.......#
###...##.......# , ,
##+ #......##* *
#......#* *,,,
#........, , #........
, ,, #........ ,, ,
#......## , , *


You could see a centaur (very poisoned).

Vanquished Creatures
  A black bear (D:4)
  A hound (D:3)
  An orc priest (D:5)
  An iguana (D:5)
  An orc wizard (D:4)
  4 adders
  A worm (D:4)
  14 dart slugs
  9 orcs
  A ball python (D:2)
  4 bats
  4 endoplasms
  A giant cockroach (D:2)
  5 goblins
  2 hobgoblins
  5 quokkas
  A frilled lizard (D:2)
  A kobold (D:1)
  2 rats (D:1)
59 creatures vanquished.

Notes
Turn   | Place    | Note
-------+----------+-------------------------------------------
     0 | D:1      | lunkers the Meteoran Fighter began the quest for the Orb.
     0 | D:1      | Reached XP level 1. HP: 19/19 MP: 2/2
   100 | D:1      | Reached skill level 3 in Long Blades
   100 | D:1      | Reached XP level 2. HP: 26/26 MP: 3/3
   489 | D:1      | Glimpsed the power of Zot.
   539 | D:1      | Glimpsed the power of Zot.
   556 | D:2      | Reached XP level 3. HP: 11/31 MP: 4/4
   558 | D:2      | Reached skill level 4 in Long Blades
   639 | D:2      | Reached XP level 4. HP: 8/38 MP: 5/5
   665 | D:3      | Reached skill level 5 in Long Blades
   721 | D:3      | Reached XP level 5. HP: 45/45 MP: 6/6
   905 | D:3      | Found a faded altar of an unknown god.
   915 | D:3      | Prayed at the altar of an unknown god.
   915 | D:3      | Became a worshipper of Nemelex Xobeh the Trickster
   915 | D:3      | Reached * piety under Nemelex Xobeh
  1195 | D:3      | Reached skill level 6 in Long Blades
  1195 | D:3      | Reached skill level 1 in Invocations
  1393 | D:4      | Received a gift from Nemelex Xobeh
  1501 | D:4      | Reached ** piety under Nemelex Xobeh
  1574 | D:4      | Noticed a black bear
  1593 | D:4      | Killed a black bear
  1594 | D:4      | Reached XP level 6. HP: 23/51 MP: 8/8
  1700 | D:4      | Found an opulent altar of Gozag.
  1700 | D:4      | Found a hide-covered altar of Uskayaw.
  1890 | D:5      | Entered Level 5 of the Dungeon
  1919 | D:5      | Reached XP level 7. HP: 15/57 MP: 10/10
  2003 | D:5      | HP: 1/57 [centaur (5)]
  2004 | D:5      | Slain by a centaur

Illustrated notes

Levels and vault maps discovered:
D:1:      eino_arrival_druids_welcome, layout_loops_ring,
          chequers_hall_statues_corner_a, st_stairs_14
D:2:      layout_basic
D:3:      kennysheep_slugbush, layout_basic, shapermc_ecumenical_altar_pompeii
D:4:      layout_basic, jmf_multi_god_temple, chequers_mini_garden
D:5:      layout_gridville

Skill      XL: |  1  2  3  4  5  6 |
---------------+-------------------+-----
Long Blades    | 3 4 5 6 |  6.0
Invocations    | 2 3 |  3.2
Short Blades   | 2 3 |  3.5
Fighting       | |  3.2
Armour         | |  3.6
Shields        | |  3.6

Action                     |  1- 3 |  4- 6 |  7- 9 || total
---------------------------+-------+-------+-------++-------
  Melee: Long sword        |    70 |    71 |       ||   141
         Dagger            |       |    79 |    28 ||   107
 Invoke: Draw Destruction  |       |     1 |       ||     1
    Use: Potion            |       |     2 |       ||     2
 Armour: Scale mail        |    54 |    61 |    10 ||   125
  Dodge: Dodged            |    26 |    53 |     6 ||    85
  Block: Buckler           |    19 |    31 |     7 ||    57

Table legend: (Time is in decaauts)
 A = Elapsed time spent in this place.
 B = Non-inter-level travel time spent in this place.
 C = Inter-level travel time spent in this place.
 D = Time resting spent in this place.
 E = Time spent auto-exploring this place.
 F = Levels seen in this place.
 G = Mean time per level.
                   A        B        C        D        E       F      G
               +--------+--------+--------+--------+--------+-----+--------+
         Total |   2025 |   1940 |     85 |      0 |   1334 |   5 |  405.0 |
       Dungeon |   2025 |   1940 |     85 |      0 |   1334 |   5 |  405.0 |
               +--------+--------+--------+--------+--------+-----+--------+

Top non-repeatable levels by time:
     D:4: 575 daAuts
     D:3: 571 daAuts
     D:1: 559 daAuts
     D:2: 213 daAuts
     D:5: 105 daAuts
